[ AOE2 MATCH · #513872623 ]
UnrankedWu vs Wei
Player's team · LOSS
Rival team · WIN
[ REPLAY ANALYSIS · EXTRACTED FROM THE RECORDED GAME ]
Feudal
8:43
Castle
22:57
Imperial
40:51
| APM avg | 70.1 |
| APM peak | 105 |
| eAPM avg | 34.9 |
| Villagers / military | 331 / 176 |
Focus
⚔️ 41.2% · 🌾 58.8%
Spearman ×122 · Unknown (1968) ×45 · Skirmisher ×39 · Unknown (1944) ×23 · Traction Trebuchet ×7 · Archer ×4
Feudal
11:13
Castle
19:57
Imperial
42:21
| APM avg | 39.5 |
| APM peak | 109 |
| eAPM avg | 23.5 |
| Villagers / military | 122 / 23 |
Focus
⚔️ 33.1% · 🌾 66.9%
Unknown (1944) ×90 · Unknown (1952) ×45 · Traction Trebuchet ×14 · Monk ×9 · Unknown (1949) ×1
Match map
Initial resources + every placement click. Lines = walls · curves = elevation contours. ◆ gold · ⬟ stone · ● berries · ✦ relic · ◌ wall gap
Your base· ✓ Closed at 22:57 · 61t walls · no gate
Tonix's base· ✓ Closed at 19:57 · 12t walls · 1 gate(s)
Smoothed initial terrain · ◌ = detected wall gap · hover for details
Inputs per minute
— NO SEAS CULIADO - - Tonix
Build order — NO SEAS CULIADO
First 150 of 831 actions detected
| 0:01 | Queue | Villager (Male) |
| 0:01 | Queue | Villager (Male) |
| 0:03 | Build | House |
| 0:04 | Build | House |
| 0:05 | Queue | Villager (Male) |
| 0:05 | Queue | Villager (Male) |
| 1:10 | Queue | Villager (Male) |
| 1:11 | Queue | Villager (Male) |
| 1:33 | Build | Lumber Camp |
| 1:53 | Queue | Villager (Male) |
| 1:53 | Queue | Villager (Male) |
| 2:18 | Queue | Villager (Male) |
| 2:19 | Queue | Villager (Male) |
| 2:49 | Queue | Villager (Male) |
| 3:17 | Queue | Villager (Male) |
| 3:18 | Queue | Villager (Male) |
| 3:48 | Queue | Villager (Male) |
| 3:49 | Queue | Villager (Male) |
| 3:53 | Build | House |
| 3:54 | Build | House |
| 4:01 | Queue | Villager (Male) |
| 4:01 | Queue | Villager (Male) |
| 4:10 | Queue | Villager (Male) |
| 4:10 | Queue | Villager (Male) |
| 4:39 | Queue | Villager (Male) |
| 4:39 | Queue | Villager (Male) |
| 5:00 | Queue | Villager (Male) |
| 5:00 | Queue | Villager (Male) |
| 5:00 | Queue | Villager (Male) |
| 5:28 | Research | Loom |
| 5:36 | Build | Barracks |
| 6:34 | Research | Feudal Age |
| 7:52 | Build | Mill |
| 8:39 | Queue | Villager (Male) |
| 8:43 | Age | Feudal Age |
| 8:45 | Build | Stable |
| 8:48 | Research | Double-Bit Axe |
| 8:50 | Queue | Villager (Male) |
| 9:26 | Queue | Scout Cavalry |
| 9:27 | Queue | Scout Cavalry |
| 9:29 | Queue | Villager (Male) |
| 9:42 | Queue | Villager (Male) |
| 9:51 | Queue | Villager (Male) |
| 9:51 | Queue | Villager (Male) |
| 9:55 | Build | House |
| 9:58 | Build | Palisade Wall |
| 10:26 | Queue | Villager (Male) |
| 10:26 | Queue | Villager (Male) |
| 10:39 | Build | Mining Camp |
| 11:08 | Queue | Villager (Male) |
| 11:08 | Queue | Villager (Male) |
| 11:10 | Build | Farm |
| 11:12 | Build | Farm |
| 11:28 | Build | Farm |
| 11:38 | Queue | Villager (Male) |
| 11:38 | Queue | Villager (Male) |
| 11:40 | Build | Farm |
| 11:42 | Build | House |
| 12:10 | Build | Watch Tower |
| 12:17 | Build | House |
| 12:19 | Build | Palisade Wall |
| 12:20 | Build | Palisade Wall |
| 12:24 | Queue | Villager (Male) |
| 12:24 | Queue | Villager (Male) |
| 12:27 | Build | Farm |
| 12:28 | Build | Farm |
| 12:32 | Build | Farm |
| 12:34 | Build | Farm |
| 12:41 | Build | Palisade Wall |
| 12:41 | Build | Palisade Wall |
| 12:42 | Build | Palisade Wall |
| 12:42 | Build | Palisade Wall |
| 12:43 | Build | Palisade Wall |
| 12:48 | Queue | Villager (Male) |
| 12:48 | Queue | Villager (Male) |
| 12:55 | Build | House |
| 13:00 | Build | Palisade Wall |
| 13:02 | Build | Palisade Wall |
| 13:03 | Build | Palisade Wall |
| 13:15 | Queue | Villager (Male) |
| 13:23 | Build | Farm |
| 13:29 | Build | Farm |
| 13:32 | Build | Farm |
| 13:58 | Build | Watch Tower |
| 14:00 | Queue | Villager (Male) |
| 14:08 | Queue | Villager (Male) |
| 14:25 | Build | Blacksmith |
| 14:34 | Build | Palisade Wall |
| 14:34 | Build | Palisade Wall |
| 14:34 | Build | Palisade Wall |
| 14:35 | Build | Palisade Wall |
| 14:40 | Queue | Villager (Male) |
| 14:45 | Build | Palisade Wall |
| 14:51 | Build | Farm |
| 14:54 | Research | Fletching |
| 14:54 | Research | Fletching |
| 15:07 | Queue | Villager (Male) |
| 15:27 | Build | Watch Tower |
| 15:30 | Build | Palisade Wall |
| 15:30 | Build | Palisade Wall |
| 15:30 | Build | Palisade Wall |
| 15:31 | Build | Palisade Wall |
| 15:46 | Queue | Villager (Male) |
| 15:53 | Build | Farm |
| 15:54 | Queue | Villager (Male) |
| 15:55 | Build | Farm |
| 15:58 | Build | House |
| 15:59 | Build | House |
| 16:35 | Build | Watch Tower |
| 16:39 | Queue | Villager (Male) |
| 16:43 | Build | House |
| 16:46 | Queue | Villager (Male) |
| 16:48 | Queue | Villager (Male) |
| 16:50 | Build | Mining Camp |
| 17:07 | Queue | Villager (Male) |
| 17:09 | Build | House |
| 17:10 | Build | House |
| 17:12 | Queue | Villager (Male) |
| 17:16 | Build | House |
| 17:18 | Build | Palisade Wall |
| 17:22 | Queue | Villager (Male) |
| 17:45 | Queue | Villager (Male) |
| 17:51 | Build | Palisade Wall |
| 17:55 | Queue | Villager (Male) |
| 18:03 | Build | Watch Tower |
| 18:10 | Build | Watch Tower |
| 18:24 | Queue | Villager (Male) |
| 18:31 | Build | Farm |
| 18:40 | Build | Palisade Wall |
| 18:40 | Build | Palisade Wall |
| 18:40 | Build | Palisade Wall |
| 18:41 | Build | Palisade Wall |
| 19:00 | Build | Farm |
| 19:03 | Build | Farm |
| 19:51 | Queue | Villager (Male) |
| 20:11 | Build | Market |
| 20:17 | Research | Castle Age |
| 20:17 | Research | Castle Age |
| 20:45 | Build | Watch Tower |
| 20:52 | Build | House |
| 20:59 | Research | Scale Barding Armor |
| 21:05 | Build | Stable |
| 21:24 | Build | Mining Camp |
| 21:35 | Research | Forging |
| 21:46 | Research | Horse Collar |
| 21:46 | Research | Horse Collar |
| 22:16 | Build | Farm |
| 22:30 | Research | Bloodlines |
| 22:30 | Research | Bloodlines |
| 22:57 | Age | Castle Age |
Build order — Tonix
First 150 of 357 actions detected
| 0:00 | Queue | Villager (Male) |
| 0:01 | Queue | Villager (Male) |
| 0:02 | Build | House |
| 0:03 | Build | House |
| 0:47 | Queue | Villager (Male) |
| 0:52 | Queue | Villager (Male) |
| 1:29 | Queue | Villager (Male) |
| 1:43 | Build | Lumber Camp |
| 2:06 | Queue | Villager (Male) |
| 2:06 | Queue | Villager (Male) |
| 2:30 | Queue | Villager (Male) |
| 2:49 | Queue | Villager (Male) |
| 2:59 | Build | House |
| 3:09 | Queue | Villager (Male) |
| 3:41 | Queue | Villager (Male) |
| 4:00 | Queue | Villager (Male) |
| 4:15 | Build | Mill |
| 4:37 | Queue | Villager (Male) |
| 4:37 | Queue | Villager (Male) |
| 4:38 | Queue | Villager (Male) |
| 4:53 | Queue | Villager (Male) |
| 5:30 | Build | House |
| 5:37 | Queue | Villager (Male) |
| 6:11 | Build | House |
| 6:25 | Build | House |
| 6:33 | Queue | Villager (Male) |
| 6:33 | Queue | Villager (Male) |
| 7:05 | Build | Barracks |
| 7:11 | Queue | Villager (Male) |
| 7:34 | Build | Palisade Wall |
| 7:35 | Build | Palisade Wall |
| 7:48 | Queue | Villager (Male) |
| 7:58 | Build | Palisade Wall |
| 8:06 | Build | House |
| 8:07 | Queue | Villager (Male) |
| 8:35 | Research | Loom |
| 8:40 | Research | Feudal Age |
| 8:44 | Build | House |
| 8:51 | Build | House |
| 9:23 | Build | House |
| 9:43 | Queue | Villager (Male) |
| 10:01 | Build | House |
| 10:02 | Build | House |
| 10:07 | Build | House |
| 10:31 | Build | Mining Camp |
| 10:43 | Queue | Villager (Male) |
| 11:13 | Age | Feudal Age |
| 11:23 | Build | House |
| 11:26 | Build | Palisade Gate |
| 11:32 | Build | Palisade Gate |
| 11:36 | Build | Palisade Wall |
| 11:39 | Queue | Villager (Male) |
| 11:43 | Research | Double-Bit Axe |
| 11:44 | Research | Horse Collar |
| 11:52 | Build | Farm |
| 11:54 | Build | Farm |
| 12:02 | Build | Farm |
| 12:24 | Build | Farm |
| 12:26 | Queue | Villager (Male) |
| 12:46 | Build | Lumber Camp |
| 12:53 | Queue | Villager (Male) |
| 13:19 | Queue | Villager (Male) |
| 13:22 | Build | Farm |
| 13:27 | Build | Farm |
| 13:35 | Build | Farm |
| 13:36 | Queue | Villager (Male) |
| 13:53 | Build | Farm |
| 13:56 | Build | Farm |
| 13:57 | Queue | Villager (Male) |
| 14:15 | Build | Farm |
| 14:34 | Build | Market |
| 14:36 | Queue | Villager (Male) |
| 14:57 | Queue | Villager (Male) |
| 14:59 | Build | Farm |
| 15:12 | Build | Blacksmith |
| 15:16 | Queue | Villager (Male) |
| 15:29 | Build | Watch Tower |
| 15:55 | Build | Farm |
| 16:02 | Research | Fletching |
| 16:02 | Queue | Villager (Male) |
| 16:12 | Build | Farm |
| 16:17 | Queue | Villager (Male) |
| 16:30 | Queue | Villager (Male) |
| 17:08 | Research | Castle Age |
| 17:24 | Build | Farm |
| 17:54 | Build | Farm |
| 17:55 | Build | Farm |
| 18:22 | Build | Stable |
| 18:27 | Queue | Villager (Male) |
| 19:57 | Age | Castle Age |
| 20:01 | Queue | Villager (Male) |
| 20:04 | Queue | Unit 1944 |
| 20:04 | Queue | Unit 1944 |
| 20:06 | Queue | Unit 1944 |
| 20:46 | Build | Lumber Camp |
| 20:48 | Queue | Villager (Male) |
| 20:55 | Build | Palisade Wall |
| 21:05 | Queue | Villager (Male) |
| 21:12 | Queue | Unit 1944 |
| 21:29 | Build | Palisade Wall |
| 21:36 | Queue | Villager (Male) |
| 21:50 | Queue | Villager (Male) |
| 21:55 | Research | Bow Saw |
| 22:01 | Research | Scale Barding Armor |
| 22:03 | Queue | Unit 1944 |
| 22:03 | Queue | Unit 1944 |
| 22:23 | Research | Heavy Plow |
| 22:23 | Research | Heavy Plow |
| 22:24 | Queue | Villager (Male) |
| 22:40 | Queue | Unit 1944 |
| 22:59 | Build | House |
| 22:59 | Build | House |
| 23:00 | Build | House |
| 23:11 | Queue | Villager (Male) |
| 23:11 | Queue | Villager (Male) |
| 23:11 | Queue | Villager (Male) |
| 23:49 | Build | Farm |
| 23:49 | Queue | Villager (Male) |
| 23:58 | Build | Town Center |
| 24:04 | Queue | Villager (Male) |
| 24:28 | Build | Farm |
| 24:30 | Queue | Villager (Male) |
| 24:40 | Build | Farm |
| 24:41 | Build | Farm |
| 24:54 | Build | Palisade Wall |
| 25:15 | Research | Forging |
| 25:15 | Research | Forging |
| 25:41 | Build | House |
| 25:53 | Build | House |
| 25:55 | Build | Palisade Wall |
| 26:02 | Build | Farm |
| 26:15 | Build | Monastery |
| 26:22 | Queue | Villager (Male) ×5 |
| 26:26 | Build | Monastery |
| 26:29 | Build | Monastery |
| 26:46 | Queue | Villager (Male) |
| 26:46 | Queue | Villager (Male) |
| 26:59 | Queue | Monk |
| 27:05 | Queue | Monk |
| 27:05 | Queue | Monk |
| 27:05 | Queue | Monk |
| 27:25 | Build | Gate |
| 27:37 | Build | Palisade Wall |
| 27:50 | Queue | Villager (Male) |
| 27:51 | Queue | Monk |
| 28:41 | Queue | Villager (Male) ×5 |
| 28:43 | Queue | Monk |
| 28:55 | Queue | Villager (Male) |
| 28:55 | Queue | Villager (Male) |
| 28:55 | Queue | Villager (Male) |
Match timeline
| 5:36 | NO SEAS CULIADO · first_building Barracks |
| 7:05 | Tonix · first_building Barracks |
| 7:34 | Tonix · wall_segment Palisade Wall x6 |
| 7:35 | Tonix · wall_segment Palisade Wall x1 |
| 7:58 | Tonix · wall_segment Palisade Wall x4 |
| 8:43 | NO SEAS CULIADO · age_up feudal |
| 8:45 | NO SEAS CULIADO · first_building Stable |
| 9:58 | NO SEAS CULIADO · wall_segment Palisade Wall x8 |
| 11:13 | Tonix · age_up feudal |
| 11:36 | Tonix · wall_segment Palisade Wall x1 |
| 12:19 | NO SEAS CULIADO · wall_segment Palisade Wall x5 |
| 12:20 | NO SEAS CULIADO · wall_segment Palisade Wall x9 |
| 12:41 | NO SEAS CULIADO · wall_segment Palisade Wall x1 |
| 12:41 | NO SEAS CULIADO · wall_segment Palisade Wall x1 |
| 12:42 | NO SEAS CULIADO · wall_segment Palisade Wall x2 |
| 12:42 | NO SEAS CULIADO · wall_segment Palisade Wall x1 |
| 12:43 | NO SEAS CULIADO · wall_segment Palisade Wall x1 |
| 13:00 | NO SEAS CULIADO · wall_segment Palisade Wall x9 |
| 13:02 | NO SEAS CULIADO · wall_segment Palisade Wall x3 |
| 13:03 | NO SEAS CULIADO · wall_segment Palisade Wall x3 |
| 14:34 | NO SEAS CULIADO · wall_segment Palisade Wall x2 |
| 14:34 | NO SEAS CULIADO · wall_segment Palisade Wall x1 |
| 14:34 | NO SEAS CULIADO · wall_segment Palisade Wall x2 |
| 14:35 | NO SEAS CULIADO · wall_segment Palisade Wall x1 |
| 14:45 | NO SEAS CULIADO · wall_segment Palisade Wall x1 |
| 15:30 | NO SEAS CULIADO · wall_segment Palisade Wall x1 |
| 15:30 | NO SEAS CULIADO · wall_segment Palisade Wall x2 |
| 15:30 | NO SEAS CULIADO · wall_segment Palisade Wall x2 |
| 15:31 | NO SEAS CULIADO · wall_segment Palisade Wall x1 |
| 17:01 | Tonix · first_market_buy 100 food |
| 17:18 | NO SEAS CULIADO · wall_segment Palisade Wall x1 |
| 17:51 | NO SEAS CULIADO · wall_segment Palisade Wall x1 |
| 18:22 | Tonix · first_building Stable |
| 18:40 | NO SEAS CULIADO · wall_segment Palisade Wall x2 |
| 18:40 | NO SEAS CULIADO · wall_segment Palisade Wall x2 |
| 18:40 | NO SEAS CULIADO · wall_segment Palisade Wall x1 |
| 18:41 | NO SEAS CULIADO · wall_segment Palisade Wall x2 |
| 19:57 | Tonix · age_up castle |
| 20:55 | Tonix · wall_segment Palisade Wall x2 |
| 21:29 | Tonix · wall_segment Palisade Wall x2 |
| 22:39 | Tonix · first_market_sell 100 food |
| 22:57 | NO SEAS CULIADO · age_up castle |
| 24:13 | NO SEAS CULIADO · wall_segment Palisade Wall x6 |
| 24:21 | NO SEAS CULIADO · wall_segment Palisade Wall x2 |
| 24:22 | NO SEAS CULIADO · wall_segment Palisade Wall x4 |
| 24:24 | NO SEAS CULIADO · wall_segment Palisade Wall x1 |
| 24:54 | Tonix · wall_segment Palisade Wall x1 |
| 25:55 | Tonix · wall_segment Palisade Wall x1 |
| 26:15 | Tonix · first_building Monastery |
| 27:37 | Tonix · wall_segment Palisade Wall x1 |
| 27:42 | NO SEAS CULIADO · wall_segment Palisade Wall x13 |
| 29:52 | NO SEAS CULIADO · first_market_buy 100 food |
| 31:04 | NO SEAS CULIADO · first_building Castle |
| 32:29 | NO SEAS CULIADO · first_market_sell 100 food |
| 36:42 | Tonix · first_building Castle |
| 38:46 | Tonix · wall_segment Stone Wall x1 |
| 40:09 | Tonix · first_building Siege Workshop |
| 40:51 | NO SEAS CULIADO · age_up imperial |
| 41:19 | Tonix · first_building Archery Range |
| 41:28 | NO SEAS CULIADO · first_building Siege Workshop |
| 42:21 | Tonix · age_up imperial |
| 46:54 | NO SEAS CULIADO · first_building Archery Range |
| 50:21 | NO SEAS CULIADO · wall_segment Palisade Wall x1 |
| 51:05 | NO SEAS CULIADO · resign |
[ AI ANALYSIS · 1 CREDIT ]
What really happened in this match?
Wolo.gg analyzes every decision: build order, eco, micro, common mistakes by bracket. Personalized analysis on WhatsApp or Discord in 30 seconds.
Civ guide
Wu
Perfil
Jugador #25644837